 Dungeon Crawl Stone Soup version 0.30.0-29-ga12c61a403 (webtiles) character file.

Game seed: 223273084949785121

229124 qw the Peltast (level 19, -25/132 (140) HPs)
             Began as a Gargoyle Fighter on June 2, 2023.
             Was an Elder of Okawaru.
             Killed from afar by a crystal guardian (56 damage)
             ... with a crystal bolt
             ... in the Desolation of Salt.
             The game lasted 00:21:27 (32564 turns).

qw the Peltast (Gargoyle Fighter)                  Turns: 32564, Time: 00:21:27

HP:   -25/132 (140) AC: 52    Str: 29    XL:     19   Next: 44%
MP:   25/26         EV: 17    Int:  8    God:    Okawaru [****..]
Gold: 1136          SH: 27    Dex:  9    Spells: 18/18 levels left

rFire   . . .        i - +5 war axe (vamp)
rCold   . . .        a - +0 tower shield
rNeg    + . .        e - +4 storm dragon scales {Bai Suzhen}
rPois   inf          A - +1 helmet {SInv}
rElec   +            q - +2 cloak {Will+}
rCorr   .            t - +2 pair of gloves
SInv    +            l - +2 pair of boots
Will    +++..        m - amulet of reflection
Stlth   +            j - ring of Jusus {Drain rPois Will+ Slay+5 Stlth+}
HPRegen 0.42/turn    s - +5 ring of evasion
MPRegen 0.20/turn

%: reflection
@: heroic, flying, drained
A: sickness immunity, AC +14, big wings, negative energy resistance 1,
electricity resistance, torment resistance 1, petrification resistance, robust
1, wild magic 1, MP-powered wands
}: 1/15 runes: gossamer
a: Renounce Religion, Heroism, Finesse


You were in the Desolation of Salt.
You worshipped Okawaru.
Okawaru was greatly pleased with you.
You visited 6 branches of the dungeon, and saw 31 of its levels.
You visited 1 bazaar.
You also visited: Sewer, Gauntlet and Desolation.

You collected 3587 gold pieces.
You spent 2451 gold pieces at shops.


Innate Abilities, Weirdness & Mutations

You are immune to sickness and miasma.
Your stone body is resilient. (AC +14)
You are immune to poison.
Your large and strong wings let you fly.
You resist negative energy. (rN+)
You are resistant to electric shocks. (rElec)
You are resistant to unholy torment.
You are immune to petrification.
You are robust. (+10% HP)
Your spells are a little harder to cast, but a little more powerful.
You expend magic power (3 MP) to strengthen your wands.


   Skills:
 - Level 17.0(22.0) Fighting
 - Level 16.0(21.0) Axes
 - Level 9.0(14.0) Throwing
 - Level 16.0(21.0) Armour
 + Level 4.8(9.8) Dodging
 - Level 19.1(24.1) Shields
 - Level 10.0 Invocations


You had 18 spell levels left.
You didn't know any spells.
Your spell library was empty.

Inventory:

Hand Weapons
 i - a +5 vampiric war axe (weapon)
 B - a +0 broad axe
Missiles
 F - 3 boomerangs (quivered)
Armour
 a - a +0 tower shield (worn)
 e - +4 storm dragon scales (worn) {Bai Suzhen}
 l - a +2 pair of boots (worn)
 q - a +2 cloak of willpower (worn)
 t - a +2 pair of gloves (worn)
 y - +0 acid dragon scales
 A - a +1 helmet of see invisible (worn)
 D - +0 fire dragon scales
 E - a +2 chain mail of fire resistance
Jewellery
 g - a ring of resist corrosion
 j - the ring of Jusus (left hand) {Drain rPois Will+ Slay+5 Stlth+}
   (You found it on level 3 of the Spider Nest)

   [ring of willpower]

   Slay:      It affects your accuracy & damage with ranged weapons and melee
   (+5).
   rPois:     It protects you from poison.
   Drain:     It drains your maximum health when unequipped.
   Will:      It increases your willpower.
   Stlth:     It makes you more stealthy.
 m - an amulet of reflection (around neck)
 s - a +5 ring of evasion (right hand)
 v - the ring of the Skies Above {MP+9 Int+2}
   (You found it in the Desolation of Salt)

   [ring of magical power]

   Int:       It affects your intelligence (+2).
   MP:        It affects your magic capacity (+9).
Wands
 w - a wand of digging (5)
Scrolls
 f - 7 scrolls of identify
 h - 3 scrolls of brand weapon
 x - 7 scrolls of teleportation
Potions
 b - 5 potions of haste
 c - 3 potions of magic
 d - 5 potions of might
 k - 8 potions of heal wounds
 n - 5 potions of attraction
 o - 4 potions of mutation
 p - a potion of resistance
 z - 2 potions of lignification
 C - 3 potions of curing

Dungeon Overview and Level Annotations

Branches:
Dungeon (15/15)            Temple (0/1) D:6            Lair (5/5) D:11
  Swamp (3/4) Lair:2       Spider (4/4) Lair:3        Slime (0/5) Lair:4
    Orc (2/2) D:9             Elf (0/3) Orc:2        Vaults (2/5) D:14
 Depths (0/4) D:15          Sewer (visited)         Desolation (1/1)
Gauntlet (visited)
  Crypt: Vaults:2-3

Altars:
Cheibriados
Kikubaaqudgha
Okawaru
Qazlal
Uskayaw
Vehumet
Wu Jian
Zin
Lugonu

Shops:
D:1 :   D:11 :   Orc:1 [   Orc:2 [:=[   Vaults:2 :

Portals:
Abyss: Lair:5

Annotations:
D:3 1 runed translucent door, Crazy Yiuf
D:7 3 runed translucent doors, qw's ghost, novice GrFi
Lair:5 3 runed translucent doors, qw's ghost, journeyman GrFi
Spider:1 2 transporters


Message History

The ironbound convoker is almost dead.
The ironbound convoker barely misses you.
You slash the ironbound convoker!
You kill the ironbound convoker!
Okawaru accepts your kill.
An ironbound convoker comes into view.
It is wielding a +0 great mace and wearing a +2 robe of willpower.
32551 ||| Stepping ~*~*~tactically~*~*~ (stealth).
A halazid warlock comes into view.
The halazid warlock shouts!
Things that are here:
a +0 great mace; a +0 ring mail of fire resistance; the amulet of the Thieving King {Reflect Int+5 SH+5}
32553 ||| Stepping ~*~*~tactically~*~*~ (hiding).
You start waiting.
A crystal guardian comes into view.
32556 ||| INVOKING Heroism.
You gain the combat prowess of a mighty hero.
You start resting.
A halazid warlock is nearby!
You barely miss the halazid warlock.
The halazid warlock casts a spell at you.
The bolt of negative energy hits you!! You partially resist.
You feel drained.
You hit the halazid warlock but do no damage.
You slash the halazid warlock!
The halazid warlock is lightly damaged.
The halazid warlock gestures at you while chanting.
The bolt of cold hits you!!
You hit the halazid warlock.
The halazid warlock is lightly damaged.
The crystal guardian glitters, brittle, in the dim dungeon light.
The crystal guardian fires a crystalline bolt at you.
The crystal bolt burns you!! The crystal bolt misses you.
The halazid warlock points at you and mumbles some strange words.
The bolt of negative energy hits you! You partially resist.
You feel drained.
You hit the halazid warlock.
The halazid warlock is moderately damaged.
You carve the halazid warlock like a ham!!!
The halazid warlock is severely damaged.
The crystal guardian fires a crystalline bolt at you.
The crystal bolt burns you!! The crystal bolt burns you!!!
You die...

#..##. ..... ..8.. ...... .p..
.(.... L.. ...... .. #(.....
#. ....... #)#¤...... ##L¤¤.#
....#######@¤¤¤#....
.......¤¤¤¤¤¤¤¤¤....
.......¤¤¤¤¤9¤......
.....¤.¤¤¤¤¤.¤......
........¤¤¤¤¤¤¤¤.............
.......¤.¤¤¤¤¤¤¤¤............
......¤.¤.¤.¤....¤...........
###....##..¤.¤................
#..#......¤.¤........#........


You could see a halazid warlock and a crystal guardian.

Vanquished Creatures
  Bai Suzhen (Spider:4)
  Arachne (Spider:2)
  A tentacled monstrosity (Swamp:1)
  Asterion (Vaults:2)
  Frances (Spider:2)
  Kirke (Spider:2)
  3 ghost moths (Spider:4)
  8 emperor scorpions
  2 vault wardens (Vaults:1)
  Aizul (Spider:3)
  2 imperial myrmidons (Desolation)
  5 ironbound preservers
  4 broodmothers
  2 ironbound thunderhulks (Vaults:1)
  4 eleionomae
  6 bunyips
  A minotaur (Gauntlet)
  7 spark wasps
  2 dire elephants (Spider:3)
  2 halazid warlocks (Desolation)
  2 crystal guardians
  An ettin (Orc:2)
  A fire dragon (D:15)
  Snorg (D:12)
  6 entropy weavers
  2 ragged hierophants
  4 catoblepae
  5 hydras
  5 servants of whispers
  4 peacekeepers
  An ice dragon (D:15)
  A spriggan air mage (Swamp:1)
  An ogre mage (D:12)
  3 radroaches
  A jorogumo (Spider:2)
  7 two-headed ogres
  2 ironbound frosthearts (Vaults:1)
  5 boulder beetles
  2 dancing weapons (D:14)
  7 alligators
  9 centaur warriors
  A death knight (D:15)
  11 death yaks
  3 orc high priests (Orc:2)
  3 tengu warriors
  3 thrashing horrors (Lair:5)
  Nergalle (D:12)
  A deep elf knight (Spider:3)
  2 skeletal warriors (D:15)
  A sun moth (Spider:1)
  8 pharaoh ants
  A skyshark (Lair:5)
  2 goliath frogs
  Lodul (D:12)
  7 orb spiders
  15 deep trolls
  4 spriggan druids
  3 swamp dragons (Swamp:3)
  A bog body (Swamp:1)
  3 lindwurms
  A deep elf archer (Spider:3)
  A harpy (shapeshifter) (Lair:5)
  2 deep elf pyromancers (D:15)
  7 ironbound convokers
  6 orc knights
  4 steelbarb worms
  28 wolf spiders
  22 ugly things
  5 orc sorcerers (Orc:2)
  4 cyclopes
  4 manticores
  Maurice (Orc:1)
  3 vault sentinels (Vaults:1)
  A will-o-the-wisp (Swamp:3)
  3 moths of wrath
  7 elephants
  8 demonic crawlers
  A guardian serpent (Desolation)
  3 black mambas
  7 torpor snails
  2 smoke demons (Lair:5)
  2 molten gargoyles
  4 gargoyles
  8 cane toads
  3 efreet
  6 komodo dragons
  2 rime drakes
  2 minotaur zombies (Gauntlet)
  An unseen horror zombie (D:8)
  A freezing wraith (D:15)
  A komodo dragon (shapeshifter) (D:15)
  4 yaktaurs (Vaults:1)
  3 ancient zymes (Lair:5)
  2 polar bears
  9 meliai
  A queen bee (Gauntlet)
  6 tyrant leeches
  6 trolls
  22 saltlings
  27 tarantellas
  4 hornets
  23 blink frogs
  9 dream sheep (Lair:5)
  34 jumping spiders
  15 slime creatures
  5 spriggans
  A ynoxinul (Lair:5)
  A jumping spider (shapeshifter) (D:15)
  2 water elementals
  14 yaks
  A shadow (D:9)
  7 wraiths
  3 hogs (Spider:2)
  22 culicivoras
  A fire bat (shapeshifter) (Lair:5)
  5 wyverns
  Grum (D:8)
  12 basilisks
  2 chaos spawn (Lair:5)
  69 redbacks
  2 fire elementals (Gauntlet)
  2 steam dragons
  12 vampire mosquitoes
  11 swamp worms
  A warg (Orc:2)
  An acid dragon (D:12)
  Edmund (D:5)
  Duvessa (D:6)
  13 water moccasins
  Pargi (Sewer)
  4 hell hounds
  A swamp drake (Swamp:2)
  36 orc warriors
  A sky beast (D:7)
  An ice beast (D:8)
  15 ogres
  A boggart (Vaults:1)
  6 small abominations (Lair:5)
  13 wolves
  4 centaurs
  2 kobold brigands
  9 bullfrogs
  2 gnoll sergeants
  A necrophage (D:8)
  7 scorpions
  12 wights
  Dowan (D:6)
  19 killer bees
  5 electric eels
  4 howler monkeys
  3 centaur zombies (D:8)
  5 hounds
  A human zombie (D:8)
  5 jellies
  20 orc priests
  3 sleepcaps
  3 iguanas
  24 orc wizards
  4 hell rats (Lair:3)
  A killer bee zombie (D:8)
  2 mummies (D:8)
  3 howler monkey zombies (D:8)
  8 gnolls
  10 adders
  A shadow imp (D:8)
  3 white imps
  An ufetubus (D:6)
  2 worms (D:6)
  3 dart slugs
  82 orcs
  23 endoplasms
  5 giant cockroaches
  14 goblins
  9 hobgoblins
  10 jackals
  5 quokkas
  12 ball pythons
  5 bats
  6 frilled lizards
  20 kobolds
  6 rats
  A butterfly (Swamp:3)
  3 spectral weapons (Vaults:2)
1149 creatures vanquished.

Vanquished Creatures (others)
  A guardian serpent (Desolation)
  A saltling (Desolation)
  A tarantella (Spider:4)
3 creatures vanquished.

Grand Total: 1152 creatures vanquished

Notes
Turn   | Place    | Note
-------+----------+-------------------------------------------
     0 | D:1      | qw the Gargoyle Fighter began the quest for the Orb.
     0 | D:1      | Reached XP level 1. HP: 14/14 MP: 1/1
     0 | D:1      | 0 ||| qw: Version: 0.2-a-102-gdf20003
     0 | D:1      | 0 ||| qw: Game counter: 922
     0 | D:1      | 0 ||| qw: Always use a shield: true
     0 | D:1      | 0 ||| qw: God list: Okawaru
     0 | D:1      | 0 ||| qw: Allow faded altars: false
     0 | D:1      | 0 ||| qw: Do Orc after D:15 true
     0 | D:1      | 0 ||| qw: Do second Lair branch before Depths: true
     0 | D:1      | 0 ||| qw: Lair rune preference: random
     0 | D:1      | 0 ||| qw: Plans: Normal, Zot:1-4, Slime:5, God:TSO, Crypt,
                  | Tomb, Pan, Hells, Abyss, Win
     0 | D:1      | 0 ||| PLANNING D:1-11
   200 | D:1      | Reached XP level 2. HP: 18/19 MP: 2/2
   208 | D:1      | Found Pomoneoda's Book Boutique.
   339 | D:1      | Reached skill level 3 in Axes
   448 | D:1      | Reached XP level 3. HP: 23/23 MP: 3/3
   814 | D:1      | 814 ||| READING scroll labelled NULOUKL LEANN.
   815 | D:1      | 815 ||| DRINKING 2 sedimented ruby potions.
   920 | D:1      | 920 ||| DROPPING potion of berserk rage.
   999 | D:2      | 999 ||| Stepping ~*~*~tactically~*~*~ (hiding).
  1035 | D:2      | 1035 ||| Stepping ~*~*~tactically~*~*~ (stealth).
  1037 | D:2      | 1037 ||| Stepping ~*~*~tactically~*~*~ (stealth).
  1449 | D:2      | Reached XP level 4. HP: 28/28 MP: 4/4
  1773 | D:2      | Found a faded altar of an unknown god.
  1894 | D:2      | 1894 ||| READING scroll labelled ELIZOI DESATAI.
  1895 | D:2      | 1895 ||| READING 2 scrolls labelled LIOBIZ CIXKERPHI.
  1896 | D:2      | 1896 ||| READING scroll labelled ISCHIA UVAR.
  1897 | D:2      | 1897 ||| READING 3 scrolls labelled KATOSO FERARIN.
  1898 | D:2      | 1898 ||| READING 2 scrolls of brand weapon.
  1898 | D:2      | 1898 ||| BRANDING +0 war axe of venom.
  1899 | D:2      | 1899 ||| READING scroll labelled QAZEIL RATSYU.
  1900 | D:2      | 1900 ||| READING scroll labelled WYLIGH PAOD.
  1999 | D:3      | 1999 ||| DROPPING +0 club.
  2078 | D:3      | 2078 ||| Stepping ~*~*~tactically~*~*~ (hiding).
  2090 | D:3      | 2090 ||| Stepping ~*~*~tactically~*~*~ (stealth).
  2417 | D:3      | Reached XP level 5. HP: 32/32 MP: 5/5
  2495 | D:3      | Found a runed translucent door.
  2496 | D:3      | Noticed Crazy Yiuf
  2701 | D:3      | 2701 ||| READING scroll labelled QUAN XAMYAW.
  2702 | D:3      | 2702 ||| READING scroll labelled JIN IFOSIM.
  2738 | D:4      | 2738 ||| STAIRDANCE
  2979 | D:4      | Reached XP level 6. HP: 39/39 MP: 6/6
  3155 | D:4      | 3155 ||| Stepping ~*~*~tactically~*~*~ (stealth).
  3157 | D:4      | 3157 ||| Stepping ~*~*~tactically~*~*~ (stealth).
  3166 | D:4      | 3166 ||| Stepping ~*~*~tactically~*~*~ (stealth).
  3169 | D:4      | 3169 ||| Stepping ~*~*~tactically~*~*~ (stealth).
  3172 | D:4      | 3172 ||| Stepping ~*~*~tactically~*~*~ (stealth).
  3176 | D:4      | 3176 ||| Stepping ~*~*~tactically~*~*~ (hiding).
  3177 | D:4      | 3177 ||| Stepping ~*~*~tactically~*~*~ (hiding).
  3178 | D:4      | 3178 ||| Stepping ~*~*~tactically~*~*~ (hiding).
  3179 | D:4      | 3179 ||| Stepping ~*~*~tactically~*~*~ (hiding).
  3438 | D:4      | 3438 ||| Stepping ~*~*~tactically~*~*~ (stealth).
  3444 | D:4      | 3444 ||| Stepping ~*~*~tactically~*~*~ (stealth).
  3450 | D:4      | 3450 ||| Stepping ~*~*~tactically~*~*~ (stealth).
  3462 | D:4      | 3462 ||| Stepping ~*~*~tactically~*~*~ (stealth).
  3466 | D:4      | Reached skill level 1 in Dodging
  3497 | D:4      | 3497 ||| Stepping ~*~*~tactically~*~*~ (stealth).
  3505 | D:4      | 3505 ||| Stepping ~*~*~tactically~*~*~ (stealth).
  3524 | D:4      | 3524 ||| Stepping ~*~*~tactically~*~*~ (stealth).
  3916 | D:4      | 3916 ||| UPGRADING to +0 chain mail.
  3926 | D:4      | 3926 ||| DROPPING +0 scale mail.
  3927 | D:4      | 3927 ||| UPGRADING to +4 ring of protection.
  3928 | D:4      | 3928 ||| READING scroll labelled JAGROULIEF.
  3929 | D:4      | 3929 ||| DRINKING 3 ruby potions.
  3930 | D:4      | 3930 ||| READING 7 scrolls of identify.
  3930 | D:4      | 3930 ||| IDENTIFYING sapphire potion
  3931 | D:4      | 3931 ||| READING 6 scrolls of identify.
  3931 | D:4      | 3931 ||| IDENTIFYING cyan potion
  3932 | D:4      | 3932 ||| DROPPING 2 potions of brilliance.
  3944 | D:5      | Entered Level 5 of the Dungeon
  4115 | D:5      | Reached skill level 6 in Axes
  4115 | D:5      | Reached XP level 7. HP: 44/44 MP: 7/7
  4133 | D:5      | Noticed Edmund
  4141 | D:5      | Killed Edmund
  4318 | D:5      | Found a radiant altar of Vehumet.
  4498 | D:5      | Found an iron altar of Okawaru.
  4499 | D:5      | 4499 ||| PLANNING OKAWARU WORSHIP
  4499 | D:5      | 4499 ||| UPGRADING to +0 pair of boots.
  4504 | D:5      | 4504 ||| READING scroll of enchant armour.
  4504 | D:5      | 4504 ||| ENCHANTING +0 pair of boots.
  4505 | D:5      | 4505 ||| UPGRADING to ring of positive energy.
  4506 | D:5      | 4506 ||| DRINKING 2 amethyst potions.
  4507 | D:5      | 4507 ||| DRINKING 2 red potions.
  4508 | D:5      | 4508 ||| DROPPING potion of flight.
  4514 | D:5      | Became a worshipper of Warmaster Okawaru
  4514 | D:5      | 4514 ||| PLANNING D:1-11
  4522 | D:5      | Identified the +7 hand axe of Buaxi {freeze, Fragile rElec
                  | Int+6}
  4764 | D:5      | Found a snail-covered altar of Cheibriados.
  5093 | D:5      | 5093 ||| UPGRADING to ring of resist corrosion.
  5095 | D:5      | 5095 ||| DRINKING 2 brown potions.
  5131 | D:6      | 5131 ||| PLANNING SEWER
  5184 | D:6      | Reached skill level 1 in Throwing
  5184 | D:6      | Reached XP level 8. HP: 49/49 MP: 8/8
  5203 | D:6      | Noticed a +0 falchion
  5203 | D:6      | Noticed a +0 spear
  5203 | D:6      | Noticed a +0 dagger
  5205 | D:6      | Noticed a +0 falchion
  5205 | D:6      | Noticed a +0 short sword
  5206 | D:6      | Noticed a +0 short sword
  5206 | D:6      | Noticed a +0 dagger
  5207 | D:6      | Noticed a +0 spear
  5236 | D:6      | Reached * piety under Okawaru
  5262 | D:6      | Reached skill level 1 in Invocations
  5280 | D:6      | Found a staircase to the Ecumenical Temple.
  5454 | D:6      | 5454 ||| Stepping ~*~*~tactically~*~*~ (hiding).
  5456 | D:6      | 5456 ||| Stepping ~*~*~tactically~*~*~ (hiding).
  5458 | D:6      | 5458 ||| Stepping ~*~*~tactically~*~*~ (hiding).
  5577 | D:6      | Noticed a wraith
  5587 | D:6      | Killed a wraith
  5587 | D:6      | Reached ** piety under Okawaru
  5588 | D:6      | Reached skill level 3 in Invocations
  5643 | D:6      | Noticed Dowan
  5644 | D:6      | Noticed Duvessa
  5645 | D:6      | 5645 ||| Stepping ~*~*~tactically~*~*~ (hiding).
  5646 | D:6      | 5646 ||| INVOKING Heroism.
  5659 | D:6      | Killed Duvessa
  5661 | D:6      | 5661 ||| DRINKING potion of curing.
  5661 | D:6      | 5661 ||| (to cure confusion)
  5665 | D:6      | 5665 ||| INVOKING Heroism.
  5678 | D:6      | Killed Dowan
  5690 | D:6      | Found a glowing drain.
  5691 | D:6      | 5691 ||| READING 7 scrolls of identify.
  5691 | D:6      | 5691 ||| IDENTIFYING bubbling inky potion
  5699 | Sewer    | Entered a sewer
  5738 | Sewer    | 5738 ||| Stepping ~*~*~tactically~*~*~ (water).
  5756 | Sewer    | Noticed Pargi
  5775 | Sewer    | Killed Pargi
  5776 | Sewer    | Reached skill level 6 in Fighting
  5776 | Sewer    | Reached XP level 9. HP: 56/56 MP: 12/12
  5836 | Sewer    | 5836 ||| READING 2 scrolls of enchant armour.
  5836 | Sewer    | 5836 ||| ENCHANTING +1 pair of boots.
  5877 | Sewer    | 5877 ||| DRINKING 2 glowing dark potions.
  5877 | Sewer    | Gained mutation: Your large and strong wings let you fly.
                  | [potion of mutation]
  5877 | Sewer    | Gained mutation: You are robust. (+10% HP) [potion of
                  | mutation]
  5877 | Sewer    | Gained mutation: Your spells are a little harder to cast,
                  | but a little more powerful. [potion of mutation]
  5877 | Sewer    | Gained mutation: You expend magic power (3 MP) to
                  | strengthen your wands. [potion of mutation]
  5979 | Sewer    | 5979 ||| READING 6 scrolls of identify.
  5979 | Sewer    | 5979 ||| IDENTIFYING lumpy yellow potion
  5996 | D:6      | 5996 ||| PLANNING D:1-11
  6092 | D:6      | 6092 ||| INVOKING Heroism.
  6201 | D:6      | 6201 ||| Stepping ~*~*~tactically~*~*~ (stealth).
  6202 | D:6      | 6202 ||| Stepping ~*~*~tactically~*~*~ (stealth).
  6203 | D:6      | 6203 ||| Stepping ~*~*~tactically~*~*~ (stealth).
  6204 | D:6      | 6204 ||| Stepping ~*~*~tactically~*~*~ (stealth).
  6221 | D:6      | Found a hide-covered altar of Uskayaw.
  6342 | D:7      | Reached skill level 9 in Axes
  6346 | D:7      | 6346 ||| INVOKING Heroism.
  6452 | D:7      | 6452 ||| Stepping ~*~*~tactically~*~*~ (stealth).
  6454 | D:7      | 6454 ||| Stepping ~*~*~tactically~*~*~ (hiding).
  6466 | D:7      | Reached skill level 4 in Shields
  6608 | D:7      | 6608 ||| Stepping ~*~*~tactically~*~*~ (stealth).
  6610 | D:7      | 6610 ||| Stepping ~*~*~tactically~*~*~ (hiding).
  6714 | D:7      | Found a runed translucent gate.
  6715 | D:7      | Noticed a two-headed ogre
  6716 | D:7      | 6716 ||| Stepping ~*~*~tactically~*~*~ (stealth).
  6718 | D:7      | 6718 ||| INVOKING Heroism.
  6726 | D:7      | Killed a two-headed ogre
  6735 | D:7      | Found a runed translucent gate.
  6736 | D:7      | Found a runed translucent gate.
  6753 | D:7      | Identified the +3 war axe of Fedhas's Hatred {flame, rElec
                  | rF++ Str-4 Dex+2}
  6754 | D:7      | Noticed qw's ghost (novice GrFi)
  6823 | D:7      | Found a glowing silver altar of Zin.
  6824 | D:7      | Noticed an angel
  6877 | D:7      | Reached *** piety under Okawaru
  6878 | D:7      | Reached XP level 10. HP: 68/69 MP: 13/13
  6968 | D:7      | 6968 ||| INVOKING Heroism.
  7212 | D:7      | 7212 ||| UPGRADING to +0 plate armour.
  7222 | D:7      | 7222 ||| DROPPING +0 chain mail.
  7223 | D:7      | 7223 ||| UPGRADING to +0 pair of gloves.
  7228 | D:7      | 7228 ||| READING 2 scrolls of enchant armour.
  7228 | D:7      | 7228 ||| ENCHANTING +0 pair of gloves.
  7229 | D:7      | 7229 ||| READING scroll of enchant armour.
  7229 | D:7      | 7229 ||| ENCHANTING +1 pair of gloves.
  7230 | D:7      | 7230 ||| UPGRADING to +4 ring of slaying {mikee}.
  7232 | D:7      | 7232 ||| DROPPING ring of positive energy.
  7243 | D:8      | 7243 ||| STAIRDANCE
  7250 | D:7      | Reached skill level 6 in Armour
  7356 | D:8      | Found an ancient bone altar of Kikubaaqudgha.
  7451 | D:8      | 7451 ||| Stepping ~*~*~tactically~*~*~ (hiding).
  7454 | D:8      | 7454 ||| INVOKING Heroism.
  7462 | D:8      | 7462 ||| Stepping ~*~*~tactically~*~*~ (cloud).
  7516 | D:8      | 7516 ||| Stepping ~*~*~tactically~*~*~ (hiding).
  7602 | D:8      | 7602 ||| Stepping ~*~*~tactically~*~*~ (hiding).
  7603 | D:8      | 7603 ||| Stepping ~*~*~tactically~*~*~ (hiding).
  7604 | D:8      | 7604 ||| Stepping ~*~*~tactically~*~*~ (hiding).
  7606 | D:8      | 7606 ||| Stepping ~*~*~tactically~*~*~ (hiding).
  7610 | D:8      | 7610 ||| FLEEEEING.
  7611 | D:8      | 7611 ||| FLEEEEING.
  7612 | D:8      | 7612 ||| FLEEEEING.
  7613 | D:8      | 7613 ||| FLEEEEING.
  7614 | D:8      | 7614 ||| FLEEEEING.
  7615 | D:8      | 7615 ||| FLEEEEING.
  7616 | D:8      | 7616 ||| FLEEEEING.
  7617 | D:8      | 7617 ||| FLEEEEING.
  7618 | D:8      | 7618 ||| FLEEEEING.
  7619 | D:8      | 7619 ||| FLEEEEING.
  7620 | D:8      | 7620 ||| FLEEEEING.
  7621 | D:8      | 7621 ||| FLEEEEING.
  7703 | D:8      | 7703 ||| Stepping ~*~*~tactically~*~*~ (stealth).
  7724 | D:8      | Reached **** piety under Okawaru
  7737 | D:8      | 7737 ||| Stepping ~*~*~tactically~*~*~ (hiding).
  7738 | D:8      | 7738 ||| Stepping ~*~*~tactically~*~*~ (stealth).
  7739 | D:8      | 7739 ||| Stepping ~*~*~tactically~*~*~ (hiding).
  7740 | D:8      | 7740 ||| INVOKING Heroism.
  7802 | D:8      | Reached skill level 5 in Shields
  7886 | D:8      | 7886 ||| Stepping ~*~*~tactically~*~*~ (stealth).
  7888 | D:8      | 7888 ||| Stepping ~*~*~tactically~*~*~ (hiding).
  7906 | D:8      | Noticed Grum
  7907 | D:8      | 7907 ||| INVOKING Heroism.
  7909 | D:8      | 7909 ||| Stepping ~*~*~tactically~*~*~ (hiding).
  7935 | D:8      | Killed Grum
  8014 | D:8      | 8014 ||| Stepping ~*~*~tactically~*~*~ (stealth).
  8016 | D:8      | 8016 ||| Stepping ~*~*~tactically~*~*~ (hiding).
  8021 | D:8      | 8021 ||| INVOKING Heroism.
  8252 | D:9      | 8252 ||| Stepping ~*~*~tactically~*~*~ (stealth).
  8263 | D:9      | 8263 ||| FLEEEEING.
  8264 | D:9      | 8264 ||| STAIRDANCE
  8318 | D:9      | 8318 ||| INVOKING Heroism.
  8357 | D:9      | 8357 ||| Stepping ~*~*~tactically~*~*~ (hiding).
  8369 | D:9      | 8369 ||| INVOKING Heroism.
  8385 | D:9      | Found a staircase to the Orcish Mines.
  8387 | D:9      | 8387 ||| Stepping ~*~*~tactically~*~*~ (hiding).
  8426 | D:9      | 8426 ||| DROPPING +0 flail.
  8427 | D:9      | 8427 ||| DROPPING +3 flail.
  8476 | D:9      | 8476 ||| INVOKING Heroism.
  8484 | D:9      | Reached skill level 6 in Invocations
  8484 | D:9      | Reached XP level 11. HP: 56/74 MP: 12/15
  8563 | D:9      | 8563 ||| INVOKING Heroism.
  8665 | D:9      | Found an ornate altar of the Wu Jian Council.
  9020 | D:9      | 9020 ||| Stepping ~*~*~tactically~*~*~ (hiding).
  9386 | D:9      | 9386 ||| UPGRADING to amulet of reflection.
  9391 | D:9      | 9391 ||| READING scroll labelled ECVION PERIHON.
  9392 | D:9      | 9392 ||| READING scroll labelled TUUGUAWILO.
  9415 | D:10     | Entered Level 10 of the Dungeon
  9566 | D:10     | 9566 ||| Stepping ~*~*~tactically~*~*~ (hiding).
  9567 | D:10     | 9567 ||| Stepping ~*~*~tactically~*~*~ (hiding).
  9707 | D:10     | Reached skill level 9 in Fighting
  9756 | D:10     | 9756 ||| Stepping ~*~*~tactically~*~*~ (stealth).
  9757 | D:10     | 9757 ||| Stepping ~*~*~tactically~*~*~ (stealth).
  9770 | D:10     | 9770 ||| INVOKING Heroism.
  9855 | D:10     | 9855 ||| INVOKING Heroism.
  9876 | D:10     | 9876 ||| DROPPING +0 flail of protection.
  9951 | D:10     | 9951 ||| INVOKING Heroism.
 10076 | D:10     | 10076 ||| Stepping ~*~*~tactically~*~*~ (hiding).
 10077 | D:10     | 10077 ||| Stepping ~*~*~tactically~*~*~ (hiding).
 10366 | D:10     | Noticed a two-headed ogre
 10367 | D:10     | 10367 ||| INVOKING Heroism.
 10373 | D:10     | Killed a two-headed ogre
 10373 | D:10     | Received a gift from Okawaru
 10561 | D:10     | 10561 ||| DROPPING orb of guile.
 10562 | D:10     | 10562 ||| UPGRADING to +5 ring of evasion.
 10564 | D:10     | 10564 ||| DROPPING +4 ring of protection.
 10565 | D:10     | 10565 ||| READING scroll labelled OGUYMO DIPIUP.
 10581 | D:11     | 10581 ||| PLANNING GAUNTLET
 10607 | D:11     | Noticed a two-headed ogre
 10609 | D:11     | 10609 ||| INVOKING Heroism.
 10620 | D:11     | Killed a two-headed ogre
 10750 | D:11     | Noticed a two-headed ogre
 10751 | D:11     | 10751 ||| Stepping ~*~*~tactically~*~*~ (stealth).
 10752 | D:11     | 10752 ||| INVOKING Heroism.
 10759 | D:11     | Killed a two-headed ogre
 10759 | D:11     | Received a gift from Okawaru
 10773 | D:11     | Found a gate leading to a gauntlet.
 10774 | D:11     | 10774 ||| UPGRADING to +0 tower shield.
 10784 | D:11     | 10784 ||| DROPPING +0 buckler.
 10792 | D:11     | Found a staircase to the Lair.
 10802 | Gauntlet | Entered a Gauntlet
 10802 | Gauntlet | Noticed a necromancer
 10802 | Gauntlet | Found a transporter.
 10802 | Gauntlet | Found a transporter.
 10802 | Gauntlet | Found a transporter.
 10803 | Gauntlet | Found a transporter.
 10806 | Gauntlet | Found a transporter.
 10806 | Gauntlet | Found a transporter.
 10816 | Gauntlet | Found a transporter.
 10816 | Gauntlet | Noticed an entropy weaver
 10816 | Gauntlet | Noticed a wolf spider
 10820 | Gauntlet | Found a transporter.
 10826 | Gauntlet | Noticed a catoblepas
 10830 | Gauntlet | Noticed a wretched star
 10836 | Gauntlet | Found a transporter.
 10930 | Gauntlet | Found a transporter.
 10934 | Gauntlet | Found a transporter.
 10944 | Gauntlet | Found a transporter.
 11003 | Gauntlet | 11003 ||| INVOKING Heroism.
 11012 | Gauntlet | Reached skill level 9 in Invocations
 11069 | Gauntlet | Identified the ring of Feec {Wiz rPois Will+++ Str-5
                  | Stlth-}
 11076 | Gauntlet | 11076 ||| DROPPING ring of Feec {Wiz rPois Will+++ Str-5
                  | Stlth-}.
 11109 | Gauntlet | 11109 ||| INVOKING Heroism.
 11114 | Gauntlet | Reached skill level 6 in Shields
 11280 | Gauntlet | Identified the ring of Xom's Whim {rElec Will+ Int+2 Dex-2}
 11284 | Gauntlet | 11284 ||| DROPPING ring of Xom's Whim {rElec Will+ Int+2
                  | Dex-2}.
 11285 | Gauntlet | 11285 ||| READING 5 scrolls of identify.
 11285 | Gauntlet | 11285 ||| IDENTIFYING fuming yellow potion
 11295 | Gauntlet | 11295 ||| INVOKING Heroism.
 11300 | Gauntlet | Killed a catoblepas
 11300 | Gauntlet | Reached ***** piety under Okawaru
 11301 | Gauntlet | Reached XP level 12. HP: 83/83 MP: 16/19
 11306 | Gauntlet | Identified the +1 lajatang of Xecsot {venom, rElec rC+}
                  | (Okawaru gifted it to you in a Gauntlet)
 11306 | Gauntlet | Received a gift from Okawaru
 11308 | Gauntlet | Reached skill level 7 in Shields
 11415 | Gauntlet | 11415 ||| UPGRADING to +0 cloak of willpower.
 11430 | Gauntlet | Noticed a minotaur
 11431 | Gauntlet | 11431 ||| Stepping ~*~*~tactically~*~*~ (stealth).
 11433 | Gauntlet | 11433 ||| INVOKING Heroism.
 11458 | Gauntlet | Killed a minotaur
 11521 | Gauntlet | 11521 ||| INVOKING Heroism.
 11524 | Gauntlet | Reached skill level 8 in Shields
 11649 | Gauntlet | 11649 ||| READING scroll labelled GUM KAM XAMOQ.
 11650 | Gauntlet | 11650 ||| READING scroll labelled TOTE GEQAOSOPH.
 11661 | D:11     | 11661 ||| PLANNING LAIR
 11671 | Lair:1   | Entered Level 1 of the Lair of Beasts
 11727 | Lair:1   | 11727 ||| INVOKING Heroism.
 11780 | Lair:1   | 11780 ||| Stepping ~*~*~tactically~*~*~ (stealth).
 11782 | Lair:1   | 11782 ||| Stepping ~*~*~tactically~*~*~ (stealth).
 11788 | Lair:1   | 11788 ||| Stepping ~*~*~tactically~*~*~ (stealth).
 11825 | Lair:1   | Noticed a death yak
 11825 | Lair:1   | Noticed a death yak
 11826 | Lair:1   | 11826 ||| Stepping ~*~*~tactically~*~*~ (stealth).
 11827 | Lair:1   | Noticed a death yak
 11827 | Lair:1   | Noticed a death yak
 11828 | Lair:1   | 11828 ||| INVOKING Heroism.
 11828 | Lair:1   | Noticed a death yak
 11830 | Lair:1   | Noticed a death yak
 11839 | Lair:1   | Reached skill level 9 in Shields
 11848 | Lair:1   | Killed a death yak
 11849 | Lair:1   | Killed a death yak
 11851 | Lair:1   | Reached skill level 10 in Shields
 11854 | Lair:1   | Killed a death yak
 11860 | Lair:1   | Killed a death yak
 11861 | Lair:1   | 11861 ||| INVOKING Finesse.
 11866 | Lair:1   | Killed a death yak
 11867 | Lair:1   | Reached skill level 11 in Shields
 11872 | Lair:1   | Killed a death yak
 12119 | Lair:1   | 12119 ||| DROPPING amulet of regeneration.
 12120 | Lair:1   | 12120 ||| READING 6 scrolls of identify.
 12120 | Lair:1   | 12120 ||| IDENTIFYING grey potion
 12121 | Lair:1   | 12121 ||| DROPPING potion of degeneration.
 12129 | Lair:2   | 12129 ||| INVOKING Heroism.
 12165 | Lair:2   | 12165 ||| Stepping ~*~*~tactically~*~*~ (stealth).
 12166 | Lair:2   | 12166 ||| Stepping ~*~*~tactically~*~*~ (stealth).
 12180 | Lair:2   | Reached skill level 12 in Shields
 12181 | Lair:2   | 12181 ||| Stepping ~*~*~tactically~*~*~ (stealth).
 12214 | Lair:2   | Reached XP level 13. HP: 88/88 MP: 20/20
 12222 | Lair:2   | Received a gift from Okawaru
 12300 | Lair:2   | 12300 ||| INVOKING Heroism.
 12377 | Lair:2   | 12377 ||| INVOKING Heroism.
 12401 | Lair:2   | Reached skill level 13 in Shields
 12410 | Lair:2   | 12410 ||| INVOKING Heroism.
 12422 | Lair:2   | Reached skill level 3 in Throwing
 12422 | Lair:2   | 12422 ||| Stepping ~*~*~tactically~*~*~ (hiding).
 12531 | Lair:2   | Found a staircase to the Swamp.
 12573 | Lair:2   | 12573 ||| INVOKING Heroism.
 12639 | Lair:2   | 12639 ||| INVOKING Heroism.
 13058 | Lair:2   | 13058 ||| READING scroll labelled WEYD HINLUDGH.
 13159 | Lair:2   | 13159 ||| READING 6 scrolls of identify.
 13159 | Lair:2   | 13159 ||| IDENTIFYING fuming pink potion
 13203 | Lair:3   | Found a hole to the Spider Nest.
 13212 | Lair:3   | 13212 ||| INVOKING Heroism.
 13222 | Lair:3   | HP: 20/88 [redback (6)]
 13223 | Lair:3   | 13223 ||| READING 4 scrolls of teleportation.
 13224 | Lair:3   | 13224 ||| DRINKING 5 potions of heal wounds.
 13417 | Lair:3   | 13417 ||| READING 3 scrolls of enchant weapon.
 13417 | Lair:3   | 13417 ||| ENCHANTING +0 vampiric war axe.
 13418 | Lair:3   | 13418 ||| READING 2 scrolls of enchant weapon.
 13418 | Lair:3   | 13418 ||| ENCHANTING +1 vampiric war axe.
 13419 | Lair:3   | 13419 ||| READING scroll of enchant weapon.
 13419 | Lair:3   | 13419 ||| ENCHANTING +2 vampiric war axe.
 13488 | Lair:3   | 13488 ||| Stepping ~*~*~tactically~*~*~ (stealth).
 13594 | Lair:3   | 13594 ||| Stepping ~*~*~tactically~*~*~ (stealth).
 13600 | Lair:3   | Reached skill level 14 in Shields
 13603 | Lair:3   | 13603 ||| Stepping ~*~*~tactically~*~*~ (stealth).
 14097 | Lair:3   | 14097 ||| DROPPING +6 ring of strength.
 14098 | Lair:3   | 14098 ||| READING scroll labelled UNOMEMOAMU.
 14167 | Lair:4   | 14167 ||| INVOKING Heroism.
 14209 | Lair:4   | Received a gift from Okawaru
 14236 | Lair:4   | 14236 ||| Stepping ~*~*~tactically~*~*~ (stealth).
 14236 | Lair:4   | Found a staircase to the Slime Pits.
 14263 | Lair:4   | 14263 ||| INVOKING Heroism.
 14314 | Lair:4   | Reached skill level 12 in Axes
 14491 | Lair:4   | 14491 ||| READING scroll of enchant armour.
 14491 | Lair:4   | 14491 ||| ENCHANTING +0 cloak of willpower.
 14506 | Lair:4   | 14506 ||| DROPPING +0 war axe of freezing.
 14906 | Lair:5   | Entered Level 5 of the Lair of Beasts
 14957 | Lair:5   | 14957 ||| INVOKING Heroism.
 14958 | Lair:5   | 14958 ||| INVOKING Finesse.
 14966 | Lair:5   | 14966 ||| SWAPPING to +1 war axe of flaming.
 14972 | Lair:5   | 14972 ||| SWAPPING to +3 vampiric war axe.
 15059 | Lair:5   | 15059 ||| Stepping ~*~*~tactically~*~*~ (stealth).
 15060 | Lair:5   | 15060 ||| INVOKING Heroism.
 15069 | Lair:5   | Reached skill level 9 in Armour
 15069 | Lair:5   | 15069 ||| Stepping ~*~*~tactically~*~*~ (stealth).
 15070 | Lair:5   | 15070 ||| Stepping ~*~*~tactically~*~*~ (stealth).
 15125 | Lair:5   | 15125 ||| READING scroll of enchant armour.
 15125 | Lair:5   | 15125 ||| ENCHANTING +1 cloak of willpower.
 15241 | Lair:5   | 15241 ||| Stepping ~*~*~tactically~*~*~ (stealth).
 15242 | Lair:5   | 15242 ||| INVOKING Heroism.
 15243 | Lair:5   | 15243 ||| Stepping ~*~*~tactically~*~*~ (stealth).
 15259 | Lair:5   | 15259 ||| Stepping ~*~*~tactically~*~*~ (stealth).
 15274 | Lair:5   | Found a runed translucent gate.
 15275 | Lair:5   | Found a runed translucent gate.
 15275 | Lair:5   | Found a runed translucent gate.
 15435 | Lair:5   | 15435 ||| Stepping ~*~*~tactically~*~*~ (stealth).
 15439 | Lair:5   | 15439 ||| Stepping ~*~*~tactically~*~*~ (stealth).
 15441 | Lair:5   | 15441 ||| Stepping ~*~*~tactically~*~*~ (stealth).
 15444 | Lair:5   | 15444 ||| Stepping ~*~*~tactically~*~*~ (stealth).
 15450 | Lair:5   | Received a gift from Okawaru
 15507 | Lair:5   | 15507 ||| INVOKING Heroism.
 15508 | Lair:5   | 15508 ||| SWAPPING to +1 war axe of flaming.
 15513 | Lair:5   | 15513 ||| SWAPPING to +3 vampiric war axe.
 15518 | Lair:5   | 15518 ||| INVOKING Finesse.
 15525 | Lair:5   | 15525 ||| Stepping ~*~*~tactically~*~*~ (stealth).
 15526 | Lair:5   | 15526 ||| Stepping ~*~*~tactically~*~*~ (stealth).
 15535 | Lair:5   | Identified the +1 robe of Absolutism {Rampage} (Okawaru
                  | gifted it to you on level 5 of the Lair of Beasts)
 15535 | Lair:5   | Received a gift from Okawaru
 15536 | Lair:5   | Mutation became permanent: Your large and strong wings let
                  | you fly. [Gargoyle growth]
 15536 | Lair:5   | Gained mutation: Your large and strong wings let you fly.
                  | [Gargoyle growth]
 15536 | Lair:5   | Reached XP level 14. HP: 95/95 MP: 16/21
 15544 | Lair:5   | 15544 ||| INVOKING Heroism.
 15666 | Lair:5   | 15666 ||| INVOKING Heroism.
 15695 | Lair:5   | 15695 ||| Stepping ~*~*~tactically~*~*~ (hiding).
 15698 | Lair:5   | 15698 ||| Stepping ~*~*~tactically~*~*~ (hiding).
 15789 | Lair:5   | 15789 ||| Stepping ~*~*~tactically~*~*~ (hiding).
 15801 | Lair:5   | 15801 ||| Stepping ~*~*~tactically~*~*~ (stealth).
 15864 | Lair:5   | 15864 ||| INVOKING Heroism.
 15887 | Lair:5   | 15887 ||| Stepping ~*~*~tactically~*~*~ (hiding).
 15956 | Lair:5   | 15956 ||| INVOKING Heroism.
 15957 | Lair:5   | 15957 ||| INVOKING Finesse.
 16019 | Lair:5   | 16019 ||| Stepping ~*~*~tactically~*~*~ (hiding).
 16022 | Lair:5   | 16022 ||| Stepping ~*~*~tactically~*~*~ (hiding).
 16031 | Lair:5   | 16031 ||| Stepping ~*~*~tactically~*~*~ (cloud).
 16106 | Lair:5   | 16106 ||| INVOKING Heroism.
 16134 | Lair:5   | Found a corrupted altar of Lugonu.
 16134 | Lair:5   | Found a one-way gate to the infinite horrors of the Abyss.
 16244 | Lair:5   | 16244 ||| Stepping ~*~*~tactically~*~*~ (stealth).
 16245 | Lair:5   | 16245 ||| Stepping ~*~*~tactically~*~*~ (stealth).
 16349 | Lair:5   | Reached skill level 15 in Shields
 16433 | Lair:5   | 16433 ||| Stepping ~*~*~tactically~*~*~ (stealth).
 16437 | Lair:5   | 16437 ||| Stepping ~*~*~tactically~*~*~ (stealth).
 16525 | Lair:5   | Noticed qw's ghost (journeyman GrFi)
 16620 | Lair:5   | 16620 ||| PLANNING D:1-11
 16620 | Lair:5   | 16620 ||| DROPPING +2 cloak.
 16749 | D:11     | 16749 ||| Stepping ~*~*~tactically~*~*~ (stealth).
 16750 | D:11     | 16750 ||| Stepping ~*~*~tactically~*~*~ (stealth).
 16819 | D:11     | You are sucked into a shaft and drop 1 floor!
 16895 | D:11     | Found Ympacowkop's Book Shoppe.
 17211 | D:11     | 17211 ||| Stepping ~*~*~tactically~*~*~ (hiding).
 17453 | D:11     | 17453 ||| PLANNING D
 17533 | D:12     | 17533 ||| INVOKING Heroism.
 17534 | D:12     | 17534 ||| INVOKING Finesse.
 17724 | D:12     | 17724 ||| INVOKING Heroism.
 17760 | D:12     | 17760 ||| INVOKING Heroism.
 17984 | D:12     | Noticed Nergalle
 17985 | D:12     | 17985 ||| Stepping ~*~*~tactically~*~*~ (stealth).
 17986 | D:12     | 17986 ||| Stepping ~*~*~tactically~*~*~ (stealth).
 17989 | D:12     | 17989 ||| Stepping ~*~*~tactically~*~*~ (hiding).
 17990 | D:12     | 17990 ||| Stepping ~*~*~tactically~*~*~ (hiding).
 18010 | D:12     | Killed Nergalle
 18024 | D:12     | Noticed Lodul
 18032 | D:12     | Killed Lodul
 18080 | D:12     | Noticed Snorg
 18081 | D:12     | 18081 ||| INVOKING Heroism.
 18082 | D:12     | 18082 ||| INVOKING Finesse.
 18089 | D:12     | Killed Snorg
 18480 | D:12     | 18480 ||| READING 8 scrolls of identify.
 18480 | D:12     | 18480 ||| IDENTIFYING gluggy blue potion
 18481 | D:12     | 18481 ||| DROPPING potion of ambrosia.
 18527 | D:13     | 18527 ||| PLANNING BAZAAR
 18532 | D:13     | 18532 ||| INVOKING Heroism.
 18628 | D:13     | 18628 ||| Stepping ~*~*~tactically~*~*~ (stealth).
 18644 | D:13     | 18644 ||| INVOKING Heroism.
 18920 | D:13     | 18920 ||| Stepping ~*~*~tactically~*~*~ (hiding).
 18942 | D:13     | Reached XP level 15. HP: 101/101 MP: 22/22
 19180 | D:13     | Found a flickering gateway to a bazaar.
 19185 | Bazaar   | Entered a bazaar
 19214 | Bazaar   | Found Wefoxaoh's Assorted Antiques.
 19222 | Bazaar   | 19222 ||| BUYING 2 scrolls of enchant weapon (600 gold).
 19222 | Bazaar   | Bought 2 scrolls of enchant weapon for 600 gold pieces
 19222 | Bazaar   | 19222 ||| BUYING potion of curing (120 gold).
 19222 | Bazaar   | Bought a potion of curing for 120 gold pieces
 19222 | Bazaar   | 19222 ||| BUYING potion of heal wounds (200 gold).
 19222 | Bazaar   | Bought a potion of heal wounds for 200 gold pieces
 19222 | Bazaar   | 19222 ||| BUYING scroll of identify (80 gold).
 19222 | Bazaar   | Bought a scroll of identify for 80 gold pieces
 19222 | Bazaar   | 19222 ||| BUYING scroll of teleportation (120 gold).
 19222 | Bazaar   | Bought a scroll of teleportation for 120 gold pieces
 19222 | Bazaar   | 19222 ||| READING 2 scrolls of enchant weapon.
 19222 | Bazaar   | 19222 ||| ENCHANTING +3 vampiric war axe.
 19223 | Bazaar   | 19223 ||| READING scroll of enchant weapon.
 19223 | Bazaar   | 19223 ||| ENCHANTING +4 vampiric war axe.
 19231 | Bazaar   | Found Imyphedo's Assorted Antiques.
 19239 | Bazaar   | 19239 ||| BUYING potion of haste (210 gold).
 19239 | Bazaar   | Bought a potion of haste for 210 gold pieces
 19284 | Bazaar   | Found Jullin's Weapon Shop.
 19301 | Bazaar   | Found Xyitt's Antique Armour Shoppe.
 19306 | Bazaar   | 19306 ||| BUYING faintly glowing cloak (199 gold).
 19306 | Bazaar   | Bought a faintly glowing cloak for 199 gold pieces
 19306 | Bazaar   | Identified the -2 cloak "Ewnetu Dudi" {Contam Dex+6 Stlth+}
                  | (You bought it in a shop in a bazaar)
 19306 | Bazaar   | 19306 ||| DROPPING -2 cloak "Ewnetu Dudi" {Contam Dex+6
                  | Stlth+}.
 19328 | D:13     | 19328 ||| PLANNING D
 19526 | D:13     | 19526 ||| READING scroll of enchant armour.
 19526 | D:13     | 19526 ||| ENCHANTING +0 plate armour.
 20016 | D:13     | 20016 ||| READING 8 scrolls of identify.
 20016 | D:13     | 20016 ||| IDENTIFYING white potion
 20017 | D:13     | 20017 ||| DROPPING potion of invisibility.
 20096 | D:14     | Found a stormy altar of Qazlal.
 20177 | D:14     | Found a gate to the Vaults.
 20196 | D:14     | Received a gift from Okawaru
 20407 | D:14     | 20407 ||| Stepping ~*~*~tactically~*~*~ (stealth).
 20417 | D:14     | 20417 ||| Stepping ~*~*~tactically~*~*~ (hiding).
 20469 | D:14     | 20469 ||| READING scroll of enchant armour.
 20469 | D:14     | 20469 ||| ENCHANTING +1 plate armour.
 20531 | D:14     | Reached skill level 16 in Shields
 20762 | D:15     | Entered Level 15 of the Dungeon
 20773 | D:15     | 20773 ||| STAIRDANCE
 20785 | D:15     | 20785 ||| STAIRDANCE
 20929 | D:15     | 20929 ||| Stepping ~*~*~tactically~*~*~ (hiding).
 20933 | D:15     | 20933 ||| INVOKING Heroism.
 20971 | D:15     | Found a staircase to the Depths.
 21029 | D:15     | 21029 ||| READING scroll of enchant armour.
 21029 | D:15     | 21029 ||| ENCHANTING +2 plate armour.
 21218 | D:15     | 21218 ||| INVOKING Heroism.
 21219 | D:15     | 21219 ||| INVOKING Finesse.
 21225 | D:15     | 21225 ||| SWAPPING to +1 war axe of flaming.
 21230 | D:15     | 21230 ||| SWAPPING to +5 vampiric war axe.
 21370 | D:15     | 21370 ||| Stepping ~*~*~tactically~*~*~ (hiding).
 21371 | D:15     | 21371 ||| Stepping ~*~*~tactically~*~*~ (hiding).
 21382 | D:15     | 21382 ||| INVOKING Heroism.
 21425 | D:15     | 21425 ||| INVOKING Heroism.
 21461 | D:15     | Identified the +0 hat of the Leaf {Int+3} (Okawaru gifted
                  | it to you on level 15 of the Dungeon)
 21461 | D:15     | Received a gift from Okawaru
 21462 | D:15     | Reached skill level 15 in Axes
 21737 | D:15     | 21737 ||| PLANNING ORC
 21737 | D:15     | 21737 ||| DROPPING +0 hat of the Leaf {Int+3}.
 21887 | Orc:1    | Entered Level 1 of the Orcish Mines
 21887 | Orc:1    | Noticed Maurice
 21897 | Orc:1    | Killed Maurice
 21943 | Orc:2    | Entered Level 2 of the Orcish Mines
 21943 | Orc:2    | Found a staircase to the Elven Halls.
 22073 | Orc:2    | 22073 ||| Stepping ~*~*~tactically~*~*~ (stealth).
 22142 | Orc:1    | 22142 ||| Stepping ~*~*~tactically~*~*~ (stealth).
 22150 | Orc:1    | 22150 ||| Stepping ~*~*~tactically~*~*~ (hiding).
 22154 | Orc:1    | 22154 ||| Stepping ~*~*~tactically~*~*~ (hiding).
 22155 | Orc:1    | 22155 ||| Stepping ~*~*~tactically~*~*~ (hiding).
 22261 | Orc:1    | Found Enaong's Antique Armour Boutique.
 22266 | Orc:1    | 22266 ||| BUYING shiny helmet (262 gold).
 22266 | Orc:1    | Bought a shiny helmet for 262 gold pieces
 22266 | Orc:1    | 22266 ||| SHOPLISTING shiny plate armour (910 gold, have
                  | 600).
 22382 | Orc:1    | 22382 ||| UPGRADING to +1 helmet of see invisible.
 22595 | Orc:2    | 22595 ||| Stepping ~*~*~tactically~*~*~ (hiding).
 22606 | Orc:2    | 22606 ||| INVOKING Heroism.
 22613 | Orc:2    | 22613 ||| Stepping ~*~*~tactically~*~*~ (hiding).
 22615 | Orc:2    | 22615 ||| INVOKING Finesse.
 22624 | Orc:2    | 22624 ||| Stepping ~*~*~tactically~*~*~ (hiding).
 22646 | Orc:2    | Found Faket's Armour Emporium.
 22678 | Orc:2    | 22678 ||| Stepping ~*~*~tactically~*~*~ (hiding).
 22694 | Orc:2    | 22694 ||| INVOKING Heroism.
 22712 | Orc:2    | Reached skill level 12 in Fighting
 22715 | Orc:2    | Found Coisseif's Jewellery Boutique.
 22720 | Orc:2    | 22720 ||| BUYING +0 fire dragon scales (660 gold).
 22720 | Orc:2    | Bought +0 fire dragon scales for 660 gold pieces
 22720 | Orc:2    | 22720 ||| SHOPLISTING +0 plate armour of fire resistance
                  | (330 gold, have 97).
 22720 | Orc:2    | 22720 ||| SHOPLISTING +3 plate armour of fire resistance
                  | (495 gold, have 97).
 22723 | Orc:2    | 22723 ||| SHOPLISTING +5 ring of evasion (648 gold, have
                  | 97).
 22723 | Orc:2    | 22723 ||| SHOPLISTING ring "Ovasagh" {Will+ Str+3 Dex+3
                  | Stlth-} (777 gold, have 97).
 22723 | Orc:2    | 22723 ||| SHOPLISTING ring of fire (450 gold, have 97).
 22736 | Orc:2    | Found Ragox's Antique Armour Boutique.
 22738 | Orc:2    | Found Loazeu's Book Emporium.
 22753 | Orc:2    | 22753 ||| SHOPLISTING runed chain mail (202 gold, have 97).
 22753 | Orc:2    | 22753 ||| SHOPLISTING slimy plate armour (756 gold, have
                  | 97).
 22828 | Orc:2    | 22828 ||| INVOKING Heroism.
 22829 | Orc:2    | 22829 ||| INVOKING Finesse.
 22848 | Orc:2    | 22848 ||| Stepping ~*~*~tactically~*~*~ (hiding).
 22851 | Orc:2    | 22851 ||| Stepping ~*~*~tactically~*~*~ (hiding).
 22912 | Orc:2    | 22912 ||| Stepping ~*~*~tactically~*~*~ (hiding).
 22916 | Orc:2    | 22916 ||| Stepping ~*~*~tactically~*~*~ (hiding).
 23308 | Orc:2    | 23308 ||| PLANNING SPIDER:1-3
 23518 | Spider:1 | Entered Level 1 of the Spider Nest
 23519 | Spider:1 | 23519 ||| INVOKING Heroism.
 23541 | Spider:1 | Reached XP level 16. HP: 111/111 MP: 23/23
 23577 | Spider:1 | 23577 ||| Stepping ~*~*~tactically~*~*~ (stealth).
 23588 | Spider:1 | 23588 ||| INVOKING Heroism.
 23672 | Spider:1 | 23672 ||| Stepping ~*~*~tactically~*~*~ (stealth).
 23675 | Spider:1 | 23675 ||| Stepping ~*~*~tactically~*~*~ (stealth).
 23692 | Spider:1 | 23692 ||| INVOKING Heroism.
 23722 | Spider:1 | 23722 ||| DRINKING potion of cancellation.
 23882 | Spider:1 | Found a transporter.
 23882 | Spider:1 | Found a transporter.
 23889 | Spider:1 | 23889 ||| Stepping ~*~*~tactically~*~*~ (hiding).
 23911 | Spider:1 | 23911 ||| INVOKING Heroism.
 23966 | Spider:1 | 23966 ||| INVOKING Heroism.
 23971 | Spider:1 | 23971 ||| INVOKING Finesse.
 23993 | Spider:1 | Reached skill level 3 in Dodging
 24127 | Spider:1 | Received a gift from Okawaru
 24244 | Spider:2 | 24244 ||| FLEEEEING.
 24246 | Spider:2 | 24246 ||| FLEEEEING.
 24247 | Spider:2 | 24247 ||| FLEEEEING.
 24248 | Spider:2 | 24248 ||| FLEEEEING.
 24249 | Spider:2 | 24249 ||| FLEEEEING.
 24250 | Spider:2 | 24250 ||| FLEEEEING.
 24251 | Spider:2 | 24251 ||| FLEEEEING.
 24252 | Spider:2 | 24252 ||| FLEEEEING.
 24253 | Spider:2 | 24253 ||| FLEEEEING.
 24254 | Spider:2 | 24254 ||| STAIRDANCE
 24258 | Spider:2 | 24258 ||| STAIRDANCE
 24298 | Spider:2 | Received a gift from Okawaru
 24317 | Spider:2 | 24317 ||| INVOKING Finesse.
 24323 | Spider:2 | 24323 ||| INVOKING Heroism.
 24434 | Spider:2 | 24434 ||| INVOKING Heroism.
 24477 | Spider:2 | 24477 ||| Stepping ~*~*~tactically~*~*~ (stealth).
 24477 | Spider:2 | Noticed Kirke
 24478 | Spider:2 | 24478 ||| INVOKING Heroism.
 24483 | Spider:2 | Reached skill level 12 in Armour
 24496 | Spider:2 | Killed Kirke
 24526 | Spider:2 | 24526 ||| INVOKING Heroism.
 24553 | Spider:2 | 24553 ||| DROPPING +2 pair of gloves.
 24554 | Spider:2 | HP: 24/111 [meliai/divine providence (11)]
 24555 | Spider:2 | 24555 ||| READING 8 scrolls of teleportation.
 24556 | Spider:2 | 24556 ||| DRINKING 10 potions of heal wounds.
 24656 | Spider:2 | 24656 ||| FLEEEEING.
 24657 | Spider:2 | 24657 ||| Stepping ~*~*~tactically~*~*~ (stealth).
 24660 | Spider:2 | 24660 ||| Stepping ~*~*~tactically~*~*~ (hiding).
 24661 | Spider:2 | 24661 ||| Stepping ~*~*~tactically~*~*~ (hiding).
 24700 | Spider:2 | 24700 ||| Stepping ~*~*~tactically~*~*~ (hiding).
 24701 | Spider:2 | 24701 ||| INVOKING Heroism.
 24765 | Spider:2 | 24765 ||| INVOKING Heroism.
 24803 | Spider:2 | Reached skill level 17 in Shields
 24876 | Spider:2 | 24876 ||| INVOKING Heroism.
 24935 | Spider:2 | 24935 ||| INVOKING Heroism.
 24955 | Spider:2 | 24955 ||| Stepping ~*~*~tactically~*~*~ (stealth).
 24976 | Spider:2 | 24976 ||| INVOKING Heroism.
 24996 | Spider:2 | Received a gift from Okawaru
 25021 | Spider:2 | 25021 ||| Stepping ~*~*~tactically~*~*~ (stealth).
 25039 | Spider:2 | 25039 ||| INVOKING Heroism.
 25075 | Spider:2 | 25075 ||| Stepping ~*~*~tactically~*~*~ (hiding).
 25197 | Spider:2 | Noticed Arachne
 25197 | Spider:2 | Noticed Frances
 25198 | Spider:2 | 25198 ||| INVOKING Heroism.
 25216 | Spider:2 | HP: 28/114 [radroach (4)]
 25217 | Spider:2 | 25217 ||| READING 7 scrolls of teleportation.
 25218 | Spider:2 | 25218 ||| DRINKING 9 potions of heal wounds.
 25220 | Spider:2 | 25220 ||| INVOKING Heroism.
 25230 | Spider:2 | Killed Frances
 25267 | Spider:2 | 25267 ||| INVOKING Heroism.
 25271 | Spider:2 | Killed Arachne
 25545 | Spider:2 | 25545 ||| Stepping ~*~*~tactically~*~*~ (stealth).
 25546 | Spider:2 | 25546 ||| Stepping ~*~*~tactically~*~*~ (stealth).
 25554 | Spider:2 | Reached XP level 17. HP: 118/118 MP: 24/24
 25602 | Spider:3 | 25602 ||| STAIRDANCE
 25612 | Spider:3 | 25612 ||| STAIRDANCE
 25753 | Spider:3 | 25753 ||| INVOKING Heroism.
 25758 | Spider:3 | 25758 ||| Stepping ~*~*~tactically~*~*~ (stealth).
 25850 | Spider:3 | 25850 ||| Stepping ~*~*~tactically~*~*~ (stealth).
 25852 | Spider:3 | 25852 ||| Stepping ~*~*~tactically~*~*~ (hiding).
 26137 | Spider:3 | 26137 ||| Stepping ~*~*~tactically~*~*~ (stealth).
 26140 | Spider:3 | 26140 ||| Stepping ~*~*~tactically~*~*~ (hiding).
 26265 | Spider:3 | 26265 ||| Stepping ~*~*~tactically~*~*~ (stealth).
 26267 | Spider:3 | Reached skill level 6 in Throwing
 26302 | Spider:3 | 26302 ||| Stepping ~*~*~tactically~*~*~ (stealth).
 26408 | Spider:3 | Identified the ring of Jusus {Drain rPois Will+ Slay+5
                  | Stlth+}
 26473 | Spider:3 | Noticed Aizul
 26474 | Spider:3 | 26474 ||| INVOKING Heroism.
 26475 | Spider:3 | 26475 ||| INVOKING Finesse.
 26498 | Spider:3 | Killed Aizul
 26499 | Spider:3 | Reached skill level 18 in Shields
 26544 | Spider:3 | 26544 ||| DRINKING potion of curing.
 26544 | Spider:3 | 26544 ||| (to cure confusion)
 26709 | Spider:3 | 26709 ||| PLANNING SWAMP:1-3
 26809 | Spider:3 | 26809 ||| UPGRADING to ring of Jusus {Drain rPois Will+
                  | Slay+5 Stlth+}.
 26811 | Spider:3 | 26811 ||| UPGRADING to +5 ring of evasion.
 26813 | Spider:3 | 26813 ||| DROPPING +4 ring of slaying {mikee}.
 26890 | Swamp:1  | Entered Level 1 of the Swamp
 26908 | Swamp:1  | 26908 ||| INVOKING Heroism.
 26957 | Swamp:1  | Noticed a tentacled monstrosity
 26973 | Swamp:1  | 26973 ||| INVOKING Heroism.
 26974 | Swamp:1  | 26974 ||| INVOKING Finesse.
 26990 | Swamp:1  | Killed a tentacled monstrosity
 27180 | Swamp:1  | 27180 ||| INVOKING Heroism.
 27185 | Swamp:1  | 27185 ||| SWAPPING to +1 war axe of flaming.
 27188 | Swamp:1  | Received a gift from Okawaru
 27189 | Swamp:1  | 27189 ||| SWAPPING to +5 vampiric war axe.
 27254 | Swamp:1  | 27254 ||| Stepping ~*~*~tactically~*~*~ (stealth).
 27461 | Swamp:1  | Received a gift from Okawaru
 27620 | Swamp:1  | 27620 ||| DROPPING +6 ring of dexterity.
 27666 | Swamp:2  | 27666 ||| INVOKING Heroism.
 27802 | Swamp:2  | 27802 ||| Stepping ~*~*~tactically~*~*~ (hiding).
 27804 | Swamp:2  | 27804 ||| Stepping ~*~*~tactically~*~*~ (hiding).
 27805 | Swamp:2  | 27805 ||| Stepping ~*~*~tactically~*~*~ (hiding).
 27936 | Swamp:2  | 27936 ||| INVOKING Heroism.
 28168 | Swamp:2  | 28168 ||| Stepping ~*~*~tactically~*~*~ (hiding).
 28172 | Swamp:2  | 28172 ||| Stepping ~*~*~tactically~*~*~ (hiding).
 28173 | Swamp:2  | 28173 ||| INVOKING Heroism.
 28294 | Swamp:3  | 28294 ||| INVOKING Heroism.
 28299 | Swamp:3  | 28299 ||| SWAPPING to +1 war axe of flaming.
 28306 | Swamp:3  | 28306 ||| SWAPPING to +5 vampiric war axe.
 28336 | Swamp:3  | 28336 ||| Stepping ~*~*~tactically~*~*~ (hiding).
 28474 | Swamp:3  | 28474 ||| INVOKING Heroism.
 28494 | Swamp:3  | Received a gift from Okawaru
 28530 | Swamp:3  | Reached XP level 18. HP: 124/128 MP: 25/25
 28535 | Swamp:3  | 28535 ||| DROPPING +1 war axe of flaming.
 28815 | Swamp:3  | 28815 ||| PLANNING SPIDER:4
 28946 | Spider:4 | Entered Level 4 of the Spider Nest
 28947 | Spider:4 | 28947 ||| INVOKING Heroism.
 29006 | Spider:4 | 29006 ||| INVOKING Heroism.
 29027 | Spider:4 | Reached skill level 15 in Fighting
 29040 | Spider:4 | 29040 ||| INVOKING Finesse.
 29052 | Spider:4 | Received a gift from Okawaru
 29119 | Spider:4 | 29119 ||| INVOKING Heroism.
 29255 | Spider:4 | Noticed Bai Suzhen
 29256 | Spider:4 | 29256 ||| INVOKING Heroism.
 29278 | Spider:4 | Killed Bai Suzhen
 29316 | Spider:4 | Reached skill level 15 in Armour
 29438 | Spider:4 | 29438 ||| INVOKING Finesse.
 29460 | Spider:4 | 29460 ||| UPGRADING to +4 storm dragon scales {Bai Suzhen}.
 29463 | Spider:4 | 29463 ||| UPGRADING to +4 storm dragon scales {Bai Suzhen}.
 29465 | Spider:4 | 29465 ||| UPGRADING to +4 storm dragon scales {Bai Suzhen}.
 29467 | Spider:4 | 29467 ||| UPGRADING to +4 storm dragon scales {Bai Suzhen}.
 29469 | Spider:4 | 29469 ||| UPGRADING to +4 storm dragon scales {Bai Suzhen}.
 29471 | Spider:4 | 29471 ||| UPGRADING to +4 storm dragon scales {Bai Suzhen}.
 29472 | Spider:4 | 29472 ||| UPGRADING to +4 storm dragon scales {Bai Suzhen}.
 29477 | Spider:4 | 29477 ||| UPGRADING to +4 storm dragon scales {Bai Suzhen}.
 29481 | Spider:4 | HP: 6/130 [disintegration (33)]
 29482 | Spider:4 | 29482 ||| READING 7 scrolls of teleportation.
 29483 | Spider:4 | 29483 ||| DRINKING 9 potions of heal wounds.
 29484 | Spider:4 | 29484 ||| DRINKING 8 potions of heal wounds.
 29485 | Spider:4 | 29485 ||| DROPPING +3 plate armour.
 29487 | Spider:4 | 29487 ||| INVOKING Heroism.
 29796 | Spider:4 | 29796 ||| Stepping ~*~*~tactically~*~*~ (stealth).
 29833 | Spider:4 | 29833 ||| INVOKING Heroism.
 29855 | Spider:4 | 29855 ||| Stepping ~*~*~tactically~*~*~ (stealth).
 29879 | Spider:4 | 29879 ||| Stepping ~*~*~tactically~*~*~ (stealth).
 29896 | Spider:4 | 29896 ||| INVOKING Heroism.
 29941 | Spider:4 | 29941 ||| DROPPING ring of magical power.
 30065 | Spider:4 | 30065 ||| DROPPING scarf of invisibility.
 30242 | Spider:4 | Got a gossamer rune of Zot
 30273 | Spider:4 | 30273 ||| INVOKING Heroism.
 30521 | Spider:4 | 30521 ||| PLANNING VAULTS:1-4
 30521 | Spider:4 | 30521 ||| DROPPING +2 pair of gloves of infusion.
 30771 | Vaults:1 | Entered Level 1 of the Vaults
 30790 | Vaults:1 | 30790 ||| INVOKING Heroism.
 30817 | Vaults:1 | 30817 ||| INVOKING Finesse.
 30890 | Vaults:1 | 30890 ||| INVOKING Heroism.
 30926 | Vaults:1 | 30926 ||| INVOKING Heroism.
 31015 | Vaults:1 | Received a gift from Okawaru
 31222 | Vaults:1 | 31222 ||| Stepping ~*~*~tactically~*~*~ (stealth).
 31223 | Vaults:1 | 31223 ||| Stepping ~*~*~tactically~*~*~ (stealth).
 31326 | Vaults:1 | Reached skill level 9 in Throwing
 31334 | Vaults:1 | Reached skill level 19 in Shields
 31439 | Vaults:1 | 31439 ||| INVOKING Heroism.
 31440 | Vaults:1 | 31440 ||| INVOKING Finesse.
 31504 | Vaults:1 | 31504 ||| Stepping ~*~*~tactically~*~*~ (stealth).
 31515 | Vaults:1 | Received a gift from Okawaru
 31520 | Vaults:1 | Reached XP level 19. HP: 137/137 MP: 26/26
 31531 | Vaults:1 | 31531 ||| Stepping ~*~*~tactically~*~*~ (hiding).
 31536 | Vaults:1 | 31536 ||| Stepping ~*~*~tactically~*~*~ (hiding).
 31802 | Vaults:1 | 31802 ||| Stepping ~*~*~tactically~*~*~ (hiding).
 32013 | Vaults:2 | 32013 ||| PLANNING DESOLATION
 32026 | Vaults:2 | 32026 ||| Stepping ~*~*~tactically~*~*~ (hiding).
 32033 | Vaults:2 | Received a gift from Okawaru
 32056 | Vaults:2 | Found Abauq's Book Boutique.
 32071 | Vaults:2 | Found a crumbling gateway.
 32071 | Vaults:2 | Noticed Asterion
 32081 | Vaults:2 | 32081 ||| INVOKING Heroism.
 32082 | Vaults:2 | 32082 ||| INVOKING Finesse.
 32099 | Vaults:2 | Killed Asterion
 32117 | Desolati | Entered the Desolation of Salt
 32151 | Desolati | 32151 ||| INVOKING Heroism.
 32168 | Desolati | 32168 ||| INVOKING Heroism.
 32218 | Desolati | 32218 ||| FLEEEEING.
 32219 | Desolati | 32219 ||| Stepping ~*~*~tactically~*~*~ (hiding).
 32222 | Desolati | 32222 ||| Stepping ~*~*~tactically~*~*~ (hiding).
 32247 | Desolati | 32247 ||| Stepping ~*~*~tactically~*~*~ (stealth).
 32250 | Desolati | Found the +3 giant club "Skullcrusher" {speed, Str+7}
 32260 | Desolati | Identified the +4 scale mail of the Snake Pit {-Tele
                  | Rampage rN+}
 32268 | Desolati | Identified the ring of the Skies Above {MP+9 Int+2}
 32352 | Desolati | Received a gift from Okawaru
 32422 | Desolati | 32422 ||| Stepping ~*~*~tactically~*~*~ (hiding).
 32435 | Desolati | 32435 ||| INVOKING Heroism.
 32513 | Desolati | Identified the amulet of the Thieving King {Reflect Int+5
                  | SH+5}
 32514 | Desolati | 32514 ||| Stepping ~*~*~tactically~*~*~ (hiding).
 32524 | Desolati | 32524 ||| Stepping ~*~*~tactically~*~*~ (stealth).
 32551 | Desolati | 32551 ||| Stepping ~*~*~tactically~*~*~ (stealth).
 32553 | Desolati | 32553 ||| Stepping ~*~*~tactically~*~*~ (hiding).
 32556 | Desolati | 32556 ||| INVOKING Heroism.
 32564 | Desolati | HP: 31/132 [crystal guardian/crystal bolt (23)]
 32564 | Desolati | Killed from afar by a crystal guardian

Levels and vault maps discovered:
D:1:      eino_arrival_water_star, layout_loops_ring, serial_shops, shop
D:2:      kennysheep_the_goblin_king, layout_loops_corners,
          shapermc_ecumenical_altar_pompeii
D:3:      layout_basic, uniq_crazy_yiuf_cottage
D:4:      layout_basic, minmay_goblin_kobold_house
D:5:      layout_layer_cave, mainiacjoe_overflow_alcove_4,
          mainiacjoe_overflow_paths, okawaru_ov_weapons_minmay, uniq_edmund
D:6:      lemuel_slime, layout_rooms, nicolae_uskayaw_en_pointe,
          minmay_temple_entry_statues_fountains, cheibrodos_sewer_entry_bend,
          uniq_duvessa
D:7:      layout_loops_ring, zin_angel, gammafunk_ghost_nasty_kobolds
D:8:      layout_basic, lemuel_mausoleum_altar_kikubaaqudgha, uniq_grum
D:9:      layout_roguey, general_overflow_altar, hiddenorc2_lemuel
D:10:     layout_loops_ring
D:11:     layout_long_grid, lair_entry_dummy, serial_shops, shop,
          gauntlet_entry_generic
D:12:     layout_stronghold, grunt_ministairs_9, uniq_lodul, uniq_snorg,
          uniq_nergalle
D:13:     layout_layer_cave, serial_shops, bzr_entry_road,
          minmay_misc_feat_nine_boxes
D:14:     layout_roguey, erik_vaults_1, nicolae_qazlal_general_emergency,
          drop_trap
D:15:     grunt_enter_depths_hoard, layout_basic,
          hangedman_abyss_or_decor_passed
Lair:1:   layout_roguey
Lair:2:   layout_small_grid, swamp_mist, serial_bayou_shore_b
Lair:3:   layout_misc_corridors, spider_nest_entry_a
Lair:4:   layout_small_grid, slime_entry_1
Lair:5:   hellmonk_lair_end_abyssal_woods, layout_regular_city,
          gammafunk_ghost_necromancy, grunt_megastairs_3,
          infiniplex_staircase_pool_2, serial_bayou_shore_a
Swamp:1:  cheibrodos_swamp_monstrosity, layout_basic_swamp,
          hangedman_swamp_blocks
Swamp:2:  layout_basic_swamp, nicolae_swamp_ascending_descending
Swamp:3:  layout_falls_marsh, hangedman_swamp_ruin_wall, swamp_pool2,
          nicolae_swamp_frolicking_bunyips
Spider:1: gammafunk_boulding_lane, nicolae_spider_paper_wasps
Spider:2: layout_spider_delve, portal_ice_cave_entry_ugly_swarm,
          nicolae_spider_baby_got_redback, uniq_frances, uniq_arachne,
          uniq_kirke
Spider:3: layout_spider_delve, beargit_elvish_explorers,
          hangedman_spider_tarantella_strand, uniq_aizul
Spider:4: guppyfry_spider_rune, uniq_bai_suzhen
Orc:1:    layout_diamond_mine, serial_shops, nicolae_shop_rolling_square,
          uniq_maurice
Orc:2:    st_orc_elflike, layout_diamond_mine
Vaults:1: nicolae_vaults_mini_display_case, nicolae_vaults_two_Ls, v_misc_18,
          ontoclasm_vaults_idyll, nicolae_vaults_swerve, nicolae_vaults_cochlea,
          nicolae_vaults_prndl, hangedman_vaults_river_flow, special_room_vaults
          [special_room_orc], nicolae_vaults_network_square, layout_vaults_ring
Vaults:2: portal_desolation_entry_salt, hangedman_vaults_corner,
          nicolae_vaults_diamond_2, nicolae_vaults_security_offices_6,
          nicolae_vaults_angled_halls, nicolae_vaults_house_1,
          nicolae_vaults_tangram_2, nicolae_vaults_six-pack,
          nicolae_vaults_trapezoid_4, v_rooms_1, nicolae_vaults_diamond_1,
          v_misc_27, layout_vaults_big_cross, serial_shops, nicolae_shop_trees,
          uniq_asterion
Desolation

Skill      XL: |  1  2  3  4  5  6  7  8  9 10 11 12 13 14 15 16 17 18 19 |
---------------+----------------------------------------------------------+-----
Axes           | 2 3 4 5 6 7 8 10 11 12 14 15 16 | 16.0
Fighting       | 4 5 6 7 8 9 10 12 13 14 16 17 | 17.0
Dodging        | 1 2 3 4 |  4.8
Throwing       | 1 2 3 5 8 9 |  9.0
Invocations    | 4 6 9 10 | 10.0
Armour         | 4 7 8 9 10 11 13 14 15 16 | 16.0
Shields        | 4 5 6 12 14 15 16 17 18 19 | 19.1

Action                     |  1- 3 |  4- 6 |  7- 9 | 10-12 | 13-15 | 16-18 | 19-21 || total
---------------------------+-------+-------+-------+-------+-------+-------+-------++-------
  Melee: War axe           |   126 |   139 |   286 |   696 |  1146 |  1566 |   255 ||  4214
  Throw: Boomerang         |       |     8 |    35 |    53 |    79 |    47 |     6 ||   228
         Javelin           |       |       |       |    19 |   141 |    87 |    15 ||   262
 Invoke: Heroism           |       |       |     5 |    23 |    31 |    39 |     5 ||   103
         Finesse           |       |       |       |     1 |     8 |     8 |     1 ||    18
    Use: Scroll            |     1 |    12 |     4 |     9 |    16 |     3 |       ||    45
         Potion            |     1 |     1 |     5 |       |     1 |     6 |       ||    14
   Stab: Petrified         |       |       |       |       |     1 |       |       ||     1
 Armour: Scale mail        |    65 |    52 |       |       |       |       |       ||   117
         Chain mail        |       |     7 |   173 |     9 |       |       |       ||   189
         Plate armour      |       |       |       |   335 |   318 |   661 |       ||  1314
         Storm dragon scal |       |       |       |       |       |   136 |    59 ||   195
  Dodge: Dodged            |    36 |    49 |    92 |   207 |   244 |   594 |    61 ||  1283
  Block: Buckler           |    25 |    21 |    50 |   102 |       |       |       ||   198
         Tower shield      |       |       |       |   277 |   966 |  1883 |   213 ||  3339
         Reflection        |       |       |       |     7 |    24 |    32 |     7 ||    70

Table legend:
 A = Non-vault XP
 B = Vault XP
 C = Vault XP percentage of total XP
 D = Non-vault monster count
 E = Vault monster count
 F = Vault count percentage of total count
                 A         B        C        D         E       F
            +---------+---------+-------+---------+---------+-------
      Total |  224733 |  128079 |  36.3 |     772 |     376 |  32.8
            +---------+---------+-------+---------+---------+-------
        D:1 |      46 |       0 |   0.0 |      28 |       0 |   0.0
        D:2 |      67 |      13 |  16.2 |      25 |       7 |  21.9
        D:3 |      53 |       0 |   0.0 |      10 |       0 |   0.0
        D:4 |     392 |       8 |   2.0 |      26 |       6 |  18.8
        D:5 |     239 |     153 |  39.0 |       8 |       1 |  11.1
        D:6 |    1049 |     665 |  38.8 |      16 |      28 |  63.6
        D:7 |    2331 |       0 |   0.0 |      21 |       0 |   0.0
        D:8 |    1493 |    1399 |  48.4 |      38 |      17 |  30.9
        D:9 |    1273 |     767 |  37.6 |      17 |      32 |  65.3
       D:10 |    3538 |       0 |   0.0 |      34 |       0 |   0.0
       D:11 |    3824 |       0 |   0.0 |      15 |       0 |   0.0
       D:12 |    2901 |    7026 |  70.8 |      14 |      16 |  53.3
       D:13 |    7293 |       0 |   0.0 |      21 |       0 |   0.0
       D:14 |    7280 |    1654 |  18.5 |      17 |       2 |  10.5
       D:15 |   11861 |    1789 |  13.1 |      23 |       2 |   8.0
     Lair:1 |    8102 |       0 |   0.0 |      20 |       0 |   0.0
     Lair:2 |    7535 |       0 |   0.0 |      24 |       0 |   0.0
     Lair:3 |    2665 |     668 |  20.0 |      18 |       3 |  14.3
     Lair:4 |    4022 |       0 |   0.0 |      14 |       0 |   0.0
     Lair:5 |   12247 |   14446 |  54.1 |      29 |      46 |  61.3
    Swamp:1 |   10213 |    1815 |  15.1 |      24 |       1 |   4.0
    Swamp:2 |    8595 |       0 |   0.0 |      15 |       0 |   0.0
    Swamp:3 |    9997 |    3939 |  28.3 |      19 |       4 |  17.4
   Spider:1 |   19978 |    2544 |  11.3 |      51 |       4 |   7.3
   Spider:2 |   20923 |   14204 |  40.4 |      55 |      31 |  36.0
   Spider:3 |   22325 |    5047 |  18.4 |      58 |       7 |  10.8
   Spider:4 |   17525 |   23934 |  57.7 |      36 |      41 |  53.2
      Orc:1 |    1032 |     480 |  31.7 |      18 |       1 |   5.3
      Orc:2 |    3204 |    8342 |  72.3 |      36 |      25 |  41.0
   Vaults:1 |   26148 |    8778 |  25.1 |      34 |      33 |  49.3
   Vaults:2 |    6582 |    4019 |  37.9 |       8 |       5 |  38.5
      Sewer |       0 |     160 | 100.0 |       0 |       6 | 100.0
 Desolation |       0 |   20605 | 100.0 |       0 |      40 | 100.0
   Gauntlet |       0 |    5624 | 100.0 |       0 |      18 | 100.0
            +---------+---------+-------+---------+---------+-------
